Workbook

Sheet Feuille1
A1: Handle | B1: Title | C1: Body (HTML) | D1: Vendor | E1: Type | F1: Tags | G1: Published | H1: Option1 Name | I1: Option1 Value | J1: Option2 Name | K1: Option2 Value | L1: Option3 Name | M1: Option3 Value | N1: Variant SKU | O1: Variant Grams | P1: Variant Inventory Tracker | Q1: Variant Inventory Qty | R1: Variant Inventory Policy | S1: Variant Fulfillment Service | T1: Variant Price | U1: Variant Compare At Price | V1: Variant Requires Shipping | W1: Variant Taxable | X1: Variant Barcode | Y1: Image Src | Z1: Image Position | AA1: Image Alt Text | AB1: Gift Card | AC1: SEO Title | AD1: SEO Description | AE1: Google Shopping / Google Product Category | AF1: Google Shopping / Gender | AG1: Google Shopping / Age Group | AH1: Google Shopping / MPN | AI1: Google Shopping / AdWords Grouping | AJ1: Google Shopping / AdWords Labels | AK1: Google Shopping / Condition | AL1: Google Shopping / Custom Product | AM1: Google Shopping / Custom Label 0 | AN1: Google Shopping / Custom Label 1 | AO1: Google Shopping / Custom Label 2 | AP1: Google Shopping / Custom Label 3 | AQ1: Google Shopping / Custom Label 4 | AR1: Variant Image | AS1: Variant Weight Unit | AT1: Variant Tax Code | AU1: Cost per item
B2: =IFERROR(INDEX(Feuille2!B:B,MATCH(N2,Feuille2!A:A,0)),"") | N2: MLP-MLD-POPAMINIPAND
B3: =IFERROR(INDEX(Feuille2!B:B,MATCH(N3,Feuille2!A:A,0)),"") | N3: MLP-MLD-POPAMINIFELI
B4: =IFERROR(INDEX(Feuille2!B:B,MATCH(N4,Feuille2!A:A,0)),"") | N4: MLP-MLD-POPALICO
B5: =IFERROR(INDEX(Feuille2!B:B,MATCH(N5,Feuille2!A:A,0)),"") | N5: MLP-MLD-POPADINO
B6: =IFERROR(INDEX(Feuille2!B:B,MATCH(N6,Feuille2!A:A,0)),"") | N6: MLP-MLD-SEPIRATE
B7: =IFERROR(INDEX(Feuille2!B:B,MATCH(N7,Feuille2!A:A,0)),"") | N7: MLP-MLD-GOPIRATE
B8: =IFERROR(INDEX(Feuille2!B:B,MATCH(N8,Feuille2!A:A,0)),"") | N8: MLP-MLD-ASPIRATE
B9: =IFERROR(INDEX(Feuille2!B:B,MATCH(N9,Feuille2!A:A,0)),"") | N9: MLP-MLD-SEMERM
B10: =IFERROR(INDEX(Feuille2!B:B,MATCH(N10,Feuille2!A:A,0)),"") | N10: MLP-MLD-GOMERM
B11: =IFERROR(INDEX(Feuille2!B:B,MATCH(N11,Feuille2!A:A,0)),"") | N11: MLP-MLD-ASMERM
B12: =IFERROR(INDEX(Feuille2!B:B,MATCH(N12,Feuille2!A:A,0)),"") | N12: MLP-MLD-KIT-SIRENE-24
B13: =IFERROR(INDEX(Feuille2!B:B,MATCH(N13,Feuille2!A:A,0)),"") | N13: MLP-MLD-KIT-SIRENE-16
... B18: =IFERROR(INDEX(Feuille2!B:B,MATCH(N18,Feuille2!A:A,0)),"") | N18: MLP-TOB-12971
B19: =IFERROR(INDEX(Feuille2!B:B,MATCH(N19,Feuille2!A:A,0)),"")
B20: =IFERROR(INDEX(Feuille2!B:B,MATCH(N20,Feuille2!A:A,0)),"") | N20: MLP-TIP-502511S
B21: =IFERROR(INDEX(Feuille2!B:B,MATCH(N21,Feuille2!A:A,0)),"") | N21: MLP-TIP-502511
B22: =IFERROR(INDEX(Feuille2!B:B,MATCH(N22,Feuille2!A:A,0)),"") | N22: MLP-TIP-50249
B23: =IFERROR(INDEX(Feuille2!B:B,MATCH(N23,Feuille2!A:A,0)),"") | N23: MLP-TIP-50249S
B24: =IFERROR(INDEX(Feuille2!B:B,MATCH(N24,Feuille2!A:A,0)),"") | N24: MLP-TIP-502512
B25: =IFERROR(INDEX(Feuille2!B:B,MATCH(N25,Feuille2!A:A,0)),"") | N25: MLP-TIP-502512S
B26: =IFERROR(INDEX(Feuille2!B:B,MATCH(N26,Feuille2!A:A,0)),"") | N26: MLP-TIP-81230
B27: =IFERROR(INDEX(Feuille2!B:B,MATCH(N27,Feuille2!A:A,0)),"") | N27: MLP-TIP-502481
B28: =IFERROR(INDEX(Feuille2!B:B,MATCH(N28,Feuille2!A:A,0)),"") | N28: MLP-TIP-81231
B29: =IFERROR(INDEX(Feuille2!B:B,MATCH(N29,Feuille2!A:A,0)),"") | N29: MLP-TIP-502482
B30: =IFERROR(INDEX(Feuille2!B:B,MATCH(N30,Feuille2!A:A,0)),"") | N30: MLP-TIP-502483
B31: =IFERROR(INDEX(Feuille2!B:B,MATCH(N31,Feuille2!A:A,0)),"") | N31: MLP-TIP-502370
B32: =IFERROR(INDEX(Feuille2!B:B,MATCH(N32,Feuille2!A:A,0)),"") | N32: MLP-TIP-40179051
B33: =IFERROR(INDEX(Feuille2!B:B,MATCH(N33,Feuille2!A:A,0)),"")
B34: =IFERROR(INDEX(Feuille2!B:B,MATCH(N34,Feuille2!A:A,0)),"")
B35: =IFERROR(INDEX(Feuille2!B:B,MATCH(N35,Feuille2!A:A,0)),"") | N35: MLP-KNB-NW3-IBIC
B36: =IFERROR(INDEX(Feuille2!B:B,MATCH(N36,Feuille2!A:A,0)),"") | N36: MLP-KNB-NW3-WC
B37: =IFERROR(INDEX(Feuille2!B:B,MATCH(N37,Feuille2!A:A,0)),"") | N37: MLP-KNB-NW3-PL
B38: =IFERROR(INDEX(Feuille2!B:B,MATCH(N38,Feuille2!A:A,0)),"") | N38: MLP-KNB-NW3-D
B39: =IFERROR(INDEX(Feuille2!B:B,MATCH(N39,Feuille2!A:A,0)),"") | N39: MLP-KNB-GB12-FY
B40: =IFERROR(INDEX(Feuille2!B:B,MATCH(N40,Feuille2!A:A,0)),"")
B41: =IFERROR(INDEX(Feuille2!B:B,MATCH(N41,Feuille2!A:A,0)),"") | N41: MLP-KNB-HS36-G
B42: =IFERROR(INDEX(Feuille2!B:B,MATCH(N42,Feuille2!A:A,0)),"") | N42: MLP-KNB-HS36-K
B43: =IFERROR(INDEX(Feuille2!B:B,MATCH(N43,Feuille2!A:A,0)),"") | N43: MLP-KNB-HS36-R
B44: =IFERROR(INDEX(Feuille2!B:B,MATCH(N44,Feuille2!A:A,0)),"") | N44: MLP-KNB-HS36-P
B45: =IFERROR(INDEX(Feuille2!B:B,MATCH(N45,Feuille2!A:A,0)),"") | N45: MLP-KNB-PT10-W
B46: =IFERROR(INDEX(Feuille2!B:B,MATCH(N46,Feuille2!A:A,0)),"")
B47: =IFERROR(INDEX(Feuille2!B:B,MATCH(N47,Feuille2!A:A,0)),"") | N47: MLP-KNB-SP10-DR
B48: =IFERROR(INDEX(Feuille2!B:B,MATCH(N48,Feuille2!A:A,0)),"")
B49: =IFERROR(INDEX(Feuille2!B:B,MATCH(N49,Feuille2!A:A,0)),"") | N49: MLP-KNB-SP10-BC
B50: =IFERROR(INDEX(Feuille2!B:B,MATCH(N50,Feuille2!A:A,0)),"")
B51: =IFERROR(INDEX(Feuille2!B:B,MATCH(N51,Feuille2!A:A,0)),"") | N51: MLP-KNB-MC25-NW
B52: =IFERROR(INDEX(Feuille2!B:B,MATCH(N52,Feuille2!A:A,0)),"") | N52: MLP-KNB-LN20-RS
B53: =IFERROR(INDEX(Feuille2!B:B,MATCH(N53,Feuille2!A:A,0)),"")
B54: =IFERROR(INDEX(Feuille2!B:B,MATCH(N54,Feuille2!A:A,0)),"")
B55: =IFERROR(INDEX(Feuille2!B:B,MATCH(N55,Feuille2!A:A,0)),"") | N55: MLP-TOB-36175
B56: =IFERROR(INDEX(Feuille2!B:B,MATCH(N56,Feuille2!A:A,0)),"")
B57: =IFERROR(INDEX(Feuille2!B:B,MATCH(N57,Feuille2!A:A,0)),"") | N57: MLP-CHA-941
B58: =IFERROR(INDEX(Feuille2!B:B,MATCH(N58,Feuille2!A:A,0)),"") | N58: MLP-CHA-942
B59: =IFERROR(INDEX(Feuille2!B:B,MATCH(N59,Feuille2!A:A,0)),"") | N59: MLP-CHA-943
B60: =IFERROR(INDEX(Feuille2!B:B,MATCH(N60,Feuille2!A:A,0)),"") | N60: MLP-UNI-49921
B61: =IFERROR(INDEX(Feuille2!B:B,MATCH(N61,Feuille2!A:A,0)),"") | N61: MLP-UNI-66136
B62: =IFERROR(INDEX(Feuille2!B:B,MATCH(N62,Feuille2!A:A,0)),"")
B63: =IFERROR(INDEX(Feuille2!B:B,MATCH(N63,Feuille2!A:A,0)),"") | N63: MLP-ABC-44021
B64: =IFERROR(INDEX(Feuille2!B:B,MATCH(N64,Feuille2!A:A,0)),"") | N64: MLP-PLW-310-011
B65: =IFERROR(INDEX(Feuille2!B:B,MATCH(N65,Feuille2!A:A,0)),"") | N65: MLP-STR-TTM88
B66: =IFERROR(INDEX(Feuille2!B:B,MATCH(N66,Feuille2!A:A,0)),"")
B67: =IFERROR(INDEX(Feuille2!B:B,MATCH(N67,Feuille2!A:A,0)),"") | N67: MLP-STR-TTM74
B68: =IFERROR(INDEX(Feuille2!B:B,MATCH(N68,Feuille2!A:A,0)),"")
B69: =IFERROR(INDEX(Feuille2!B:B,MATCH(N69,Feuille2!A:A,0)),"") | N69: MLP-STR-TTM77
B70: =IFERROR(INDEX(Feuille2!B:B,MATCH(N70,Feuille2!A:A,0)),"")
B71: =IFERROR(INDEX(Feuille2!B:B,MATCH(N71,Feuille2!A:A,0)),"") | N71: MLP-STR-TTM83
B72: =IFERROR(INDEX(Feuille2!B:B,MATCH(N72,Feuille2!A:A,0)),"")
B73: =IFERROR(INDEX(Feuille2!B:B,MATCH(N73,Feuille2!A:A,0)),"") | N73: MLP-DES-6416412
B74: =IFERROR(INDEX(Feuille2!B:B,MATCH(N74,Feuille2!A:A,0)),"")
B75: =IFERROR(INDEX(Feuille2!B:B,MATCH(N75,Feuille2!A:A,0)),"") | N75: MLP-TEJ-TJ0871N
B76: =IFERROR(INDEX(Feuille2!B:B,MATCH(N76,Feuille2!A:A,0)),"")
B77: =IFERROR(INDEX(Feuille2!B:B,MATCH(N77,Feuille2!A:A,0)),"") | N77: MLP-TEJ-FL1026
B78: =IFERROR(INDEX(Feuille2!B:B,MATCH(N78,Feuille2!A:A,0)),"") | N78: MLP-TEJ-EY0024
B79: =IFERROR(INDEX(Feuille2!B:B,MATCH(N79,Feuille2!A:A,0)),"")
B80: =IFERROR(INDEX(Feuille2!B:B,MATCH(N80,Feuille2!A:A,0)),"") | N80: MLP-TEJ-TJN0066
B81: =IFERROR(INDEX(Feuille2!B:B,MATCH(N81,Feuille2!A:A,0)),"")
B82: =IFERROR(INDEX(Feuille2!B:B,MATCH(N82,Feuille2!A:A,0)),"")
B83: =IFERROR(INDEX(Feuille2!B:B,MATCH(N83,Feuille2!A:A,0)),"") | N83: MLP-TEJ-PD0069
B84: =IFERROR(INDEX(Feuille2!B:B,MATCH(N84,Feuille2!A:A,0)),"")
B85: =IFERROR(INDEX(Feuille2!B:B,MATCH(N85,Feuille2!A:A,0)),"") | N85: MLP-TEJ-KG0077
B86: =IFERROR(INDEX(Feuille2!B:B,MATCH(N86,Feuille2!A:A,0)),"") | N86: MLP-APT-SM42081
B87: =IFERROR(INDEX(Feuille2!B:B,MATCH(N87,Feuille2!A:A,0)),"") | N87: MLP-APT-SM42497
B88: =IFERROR(INDEX(Feuille2!B:B,MATCH(N88,Feuille2!A:A,0)),"") | N88: MLP-APT-CF640302
B89: =IFERROR(INDEX(Feuille2!B:B,MATCH(N89,Feuille2!A:A,0)),"")
B90: =IFERROR(INDEX(Feuille2!B:B,MATCH(N90,Feuille2!A:A,0)),"") | N90: MLP-ECO-210PFBRUN
B91: =IFERROR(INDEX(Feuille2!B:B,MATCH(N91,Feuille2!A:A,0)),"")
B92: =IFERROR(INDEX(Feuille2!B:B,MATCH(N92,Feuille2!A:A,0)),"") -> Une paire de baguettes en bois pour une fête asiatique. | N92: MLP-ECO-210CVBGE
B93: =IFERROR(INDEX(Feuille2!B:B,MATCH(N93,Feuille2!A:A,0)),"")
B94: =IFERROR(INDEX(Feuille2!B:B,MATCH(N94,Feuille2!A:A,0)),"")
B95: =IFERROR(INDEX(Feuille2!B:B,MATCH(N95,Feuille2!A:A,0)),"") -> Un gobelet blanc en pulpe pour faire une fête zéro déchets. | N95: MLP-ECO-210GPU140
B96: =IFERROR(INDEX(Feuille2!B:B,MATCH(N96,Feuille2!A:A,0)),"") -> Un bol ovale blanc en pulpe pour une fête zéro déchets. | N96: MLP-ECO-210BCHIC750
B97: =IFERROR(INDEX(Feuille2!B:B,MATCH(N97,Feuille2!A:A,0)),"")
B98: =IFERROR(INDEX(Feuille2!B:B,MATCH(N98,Feuille2!A:A,0)),"") | N98: MLP-ECO-210ASIE33BL
B99: =IFERROR(INDEX(Feuille2!B:B,MATCH(N99,Feuille2!A:A,0)),"") | N99: MLP-ECO-210ASIE16BL
B100: =IFERROR(INDEX(Feuille2!B:B,MATCH(N100,Feuille2!A:A,0)),"") | N100: MLP-PPA-130-009-100
B101: =IFERROR(INDEX(Feuille2!B:B,MATCH(N101,Feuille2!A:A,0)),"") | N101: MLP-PAP-502916
B102: =IFERROR(INDEX(Feuille2!B:B,MATCH(N102,Feuille2!A:A,0)),"")
B103: =IFERROR(INDEX(Feuille2!B:B,MATCH(N103,Feuille2!A:A,0)),"")
B104: =IFERROR(INDEX(Feuille2!B:B,MATCH(N104,Feuille2!A:A,0)),"") | N104: MLP-SLA-10-06444-002
...

Sheet Feuille2
A1: Variant SKU | B1: Image Alt Text
A2: MLP-BOUT | B2: Une petite bouteille en verre pour servir les plus beaux milkshakes et à agrémenter de vos pailles préférées. La bouteille se ferme à l'aide du petit bouchon pour que chaque enfant rapporte un souvenir du goûter d'anniversaire !
A3: MLP-CHPOPOROPI | B3: 8 chapeaux pointus à pois fuchsia
A4: MLP-CHPOTRMU | B4: 8 chapeaux pointus à triangles mulitcolores
A5: MLP-CHPOCHROU | B5: 8 chapeaux pointus à chevrons rouges
A6: MLP-CHPORAVEAC | B6: 8 chapeaux pointus à rayures bleu acqua
A7: MLP-HS36-NP | B7: Des stickers en forme de coeur rose fluo imaginés par Knot & Bow pour customiser vos lettres ou invitations ! Ils sont parfaits pour personnaliser une carte de voeux, un carte d'anniversaire ou un cahier. Chaque pochette contient 36 autocollants.
A8: MLP-HS36-NY | B8: Des stickers en forme de coeur imaginés par Knot & Bow pour customiser vos lettres ou invitations ! Ils sont parfaits pour personnaliser une carte de voeux, un carte d'anniversaire ou un cahier. Chaque pochette contient 36 autocollants.
A9: MLP-HS36-NR | B9: Des stickers en forme de coeur imaginés par Knot & Bow pour customiser vos lettres ou invitations ! Ils sont parfaits pour personnaliser une carte de voeux, un carte d'anniversaire ou un cahier. Chaque pochette contient 36 autocollants.
A10: MLP-KIT-COEUR16 | B10: Un super kit d'anniversaire coeurs avec de la vaisselle jetable, des assiettes, des gobelets, des sets et des couverts... Le kit contient des coeurs aqua et des pois roses pour un rendez-vous amoureux ou pour un anniversaire girly et romantique !
A11: MLP-KIT-COEUR24 | B11: Un super kit d'anniversaire coeurs avec de la vaisselle jetable, des assiettes, des gobelets, des sets et des couverts... Le kit contient des coeurs aqua et des pois roses pour un rendez-vous amoureux ou pour un anniversaire girly et romantique !
A12: MLP-KIT-COEUR8 | B12: Un super kit d'anniversaire coeurs avec de la vaisselle jetable, des assiettes, des gobelets, des sets et des couverts... Le kit contient des coeurs aqua et des pois roses pour un rendez-vous amoureux ou pour un anniversaire girly et romantique !
... A103: MLP-Nvzbr099 | B103: Ce kit contient une poche pâtissière pour décorer vos cupcakes et gâteaux d'anniversaire ou encore garnir vos choux!
A104: MLP-BACOVIO
A105: MLP-POPALODO | B105: 10 pochettes losanges dorés
A106: MLP-Ta0101 | B106: Une guirlande composée de 30 étoiles lumineuses à accrocher dans un arbre, sur une terrasse ou dans la maison lors d'un anniversaire, de noël ou du nouvel an !
A107: MLP-1PB-X-MAU | B107: masking tape mauve
A108: MLP-1PD-CL | B108: masking tape rayures orange
A109: MLP-Ta0111 | B109: Une guirlande composée de 30 boules lumineuses à accrocher dans un arbre, sur une terrasse ou dans la maison lors d'un anniversaire, de noël ou du nouvel an !
A110: MLP-ETO-357009 | B110: bleu et rose
A111: MLP-ETO-357009 | B111: blanc et orange
A112: MLP-PAMP-325002 | B112: 1 prisme pampille de Noël
A113: MLP-GTE-325004
A114: MLP-Ta0100 | B114: Une guirlande composée de 15 étoiles lumineuses à accrocher dans un arbre, sur une terrasse ou dans la maison lors d'un anniversaire, de noël ou du nouvel an !
A115: MLP-Sp0310 | B115: Une étoile blanche en métal pliée comme un origami. Très jolie, cette étoile donnera un côté traditionnel et chaleureux à votre arbre de Noël. Elle s'accordera très bien avec une décoration blanche et bleu ciel et émerveillera les petits comme les grands
A116: MLP-Sp0302 | B116: Une étoile grise en métal pliée comme un origami. Très jolie, cette étoile donnera un côté traditionnel et chaleureux à votre arbre de Noël. Elle s'accordera très bien avec une décoration blanche et bleu ciel et émerveillera les petits comme les grands en
A117: MLP-KD0028 | B117: Une couronne faite de fleurs en papier. C'est l'accessoire idéal pour compléter le déguisement de la parfaite petite tahitienne ! Les petites filles adorent se déguiser avec pour un anniversaire, le carnaval, une soirée déguisée, une pyjama party ou le no
A118: MLP-Eg0025 | B118: Une guirlande composée de 24 boules lumineuses à accrocher dans un arbre, sur une terrasse ou dans la maison lors d'un anniversaire, de noël ou du nouvel an !
A119: MLP-Ta0110 | B119: Une guirlande composée de 15 boules lumineuses à accrocher dans un arbre, sur une terrasse ou dans la maison lors d'un anniversaire, de noël ou du nouvel an !
A120: MLP-Nm0115 | B120: 6 bougeoirs en forme d'étoile blanche dans lesquels vous pouvez glisser une bougie de n'importe quelle couleur pour un réveillon de noël raffiné et chaleureux.
A121: MLP-Ft1000 | B121: Une petite voiture blanche vintage avec sur son toit un sapin de noël. Cette voiture miniature est parfaite pour une décoration de table de noël.
A122: MLP-Pg0215 | B122: Deux plumes dorées et blanches à suspendre à un sapin de noël ou à utiliser lors d'un anniversaire sur le thème indiens et cow-boys.
A123: MLP-CROGLIMIXVI | B123: Couronne à liseré Numéro 74
A124: MLP-CROGLIMIXRO | B124: Couronne à liseré Numéro 74
A125: MLP-CROGLIMIXAR | B125: Couronne à liseré Numéro 74
... A174: MLP-10242 | B174: Une bougie étincelle en forme d'étoile. Elle est idéale pour fêter l'anniversaire d'une petite princesse, d'une super star ou d'un enfant fan d'astronomie. Vous pouvez aussi l'utiliser pour un photobooth la tête dans les étoiles !
A175: MLP-BC036
A176: MLP-BC032
A177: MLP-BC033
A178: MLP-BC034
A179: MLP-P12988 | B179: Pinata sapin de noël
A180: MLP-BC035
A181: MLP-BC037
A182: MLP-CD010/12 | B182: vue d'ensemble
A183: MLP-CD010/12 | B183: - emballage
A184: MLP-CD010/12 | B184: - billes
A185: MLP-Ws0011 | B185: Rouleau de stickers ronds argentés à coller sur les pochettes surprises, les paquets cadeaux et les agendas.
A186: MLP-PA115 | B186: - vue d'ensemble
A187: MLP-PA135 | B187: - vue d'ensemble
A188: MLP-PA116 | B188: - vue d'ensemble
A189: MLP-PA115 | B189: - zoom
A190: MLP-PA135 | B190: - zoom
A191: MLP-PA116 | B191: - zoom
A192: MLP-Ac0001 | B192: 24 gift tags noirs avec des chiffres allant de 1 à 24 ! Utilisez ces étiquettes pour numéroter les cases d'un calendrier de l'Avent, pour attribuer les cadeaux de Noël, pour placer les invités lors d'un mariage ou pour un anniversaire !
A193: MLP-19208 | B193: 24 toppers flamants roses
... A419: MLP-451065 | B419: Masking tape glitter vert Meri Meri
A420: MLP-MER-114076
A421: MLP-DJ08762 | B421: Des pliages conçus pour les petits et les grands. Dans la pochette, il y a des papiers imprimés, des gommettes et un carnet qui donne des indications. Le tout imaginé par Lili Scratchy pour Djeco ! C'est l'atelier idéal pour initier les enfants à l'origam
A422: MLP-DJ08761 | B422: Des pliages conçus pour les petits et les grands. Dans la pochette, il y a des papiers imprimés, des gommettes et un carnet qui donne des indications. Le tout imaginé par Lili Scratchy pour Djeco ! C'est l'atelier idéal pour initier les enfants à l'origam
A423: MLP-DJ08849 | B423: 160 stickers de chats sur 4 planches. Tous les chats : des chats chics, des chats de gouttières, des chats habillés... A coller sur les cartons d'invitation, sur les paquets cadeaux ou à utiliser en atelier d'anniversaire.
A424: MLP-DJ08924 | B424: 10 tampons en mousse et caoutchouc en forme de dinosaures, livrés avec un encreur lavable pour apposer des figurines partout. Une fois les images tamponnées, il est possible de les colorier ! A utiliser pendant un atelier d'anniversaire, à offrir comme un
A425: MLP-DJ08926 | B425: 10 tampons en mousse et caoutchouc en forme de chats, livrés avec un encreur lavable pour apposer des figurines partout. Une fois les images tamponnées, il est possible de les colorier ! A utiliser pendant un atelier d'anniversaire, à offrir comme un gros
A426: MLP-DJ08928 | B426: 10 tampons en mousse et caoutchouc en forme d'animaux de la jungle, livrés avec un encreur lavable pour apposer des figurines partout. Une fois les images tamponnées, il est possible de les colorier ! A utiliser pendant un atelier d'anniversaire, à offrir
A427: MLP-DJ09633 | B427: 8 coloriages surprises autour d'une très jolie princesse. A utiliser comme atelier lors d'un après-midi pluvieux ou pendant un goûter d'aniversaire. Les enfants adoreront s'amuser à les colorier puis les ramener chez eux en souvenir.
A428: MLP-DJ09632 | B428: 8 coloriages surprises autour de monstres mignons. A utiliser comme atelier lors d'un après-midi pluvieux ou pendant un goûter d'anniversaire. Les enfants adoreront s'amuser à les colorier puis les ramener chez eux en souvenir.
A429: MLP-DJ09722 | B429: Un atelier d'anniversaire créatif imaginé par Djeco : 4 cartes à gratter ou cartes magiques. Sur les cartes, apparaissent déjà des dessins à traits fins. Il suffit de se munir d'une baguette ou d'un objet à bout pointu et de dessiner des motifs pour voir
A430: MLP-DJ09721 | B430: Un atelier d'anniversaire créatif imaginé par Djeco : 4 cartes à gratter ou cartes magiques. Sur les cartes, apparaissent déjà des dessins à traits fins. Il suffit de se munir d'une baguette ou d'un objet à bout pointu et de dessiner des motifs pour voir
A431: MLP-DJ09723 | B431: Un atelier d'anniversaire créatif imaginé par Djeco : 4 cartes à gratter ou cartes magiques. Sur les cartes, apparaissent déjà des dessins à traits fins. Il suffit de se munir d'une baguette ou d'un objet à bout pointu et de dessiner des motifs pour voir
A432: MLP-DJ09692 | B432: 8 cartes de personnages et 4 planches de stickers repositionnables. Le tout rangé dans une pochette rigide pour un atelier paper doll ! Idéales pour un anniversaire ou un goûter, ces fiches permettront aux enfants de laisser libre cours à leur imagination
... A436: MLP-GI/MINIDINO | B436: 1 dino en tissu Numéro 74
A437: MLP-ASETDO
A438: MLP-ASETDO | B438: 8 assiettes en carton étoiles dorées
A439: MLP-SET05 | B439: 24 sets de table - Keith Haring
A440: MLP-ASTRVE | B440: 8 assiettes en carton triangles verts
A441: MLP-ASTRNO | B441: 8 assiettes - noeuds noirs
A442: MLP-ASETFU | B442: 8 assiettes - étoiles roses
A443: MLP-SERANO
A444: MLP-SERAVER | B444: 20 serviettes en papier à rayure verte
A445: MLP-SEETFU | B445: 20 serviettes à étoiles roses
A446: MLP-SEETBLE | B446: 20 serviettes en papier à étoile bleue
A447: MLP-SEETDO
A448: MLP-SEFLEBLU
A449: MLP-CHPOETDO | B449: 8 chapeaux pointus à étoiles dorées
A450: MLP-CHPOFLEBLU | B450: 8 chapeaux pointus fleuris
A451: MLP-GOETDO
A452: MLP-GOETFU | B452: 8 gobelets à étoiles roses
A453: MLP-GOFLEBLE
A454: MLP-GOTRNO | B454: 8 gobelets à noeuds noirs
A455: MLP-GOTRVE | B455: 8 gobelet à triangles verts
A456: MLP-COL-MEDIUM | B456: Omy-Coloriage médium Paris
A457: MLP-BUND-SORCIER | B457: un cadeau Kiki la petite sorcière
A458: MLP-BUND-BRILLE | B458: un cadeau "tout ce qui brille"
A459: MLP-BUND-HIPST | B459: un cadeau "hipster"
A460: MLP-BUND-PAPIE | B460: kit papeterie
A461: MLP-BUND-NOEBL | B461: kit déco "Noël"
A462: MLP-RO8RO | B462: 4 mini rosaces roses en papier idéales pour la décoration d'un mariage ou d'un sapin de Noël.
A463: MLP-RO8VEAC | B463: 4 mini rosaces en papier vertes pour la décoration d'un mariage, d'une baby shower ou d'un sapin de Noël.
A464: MLP-RO8ROU | B464: 4 mini rosaces rouges en papier idéales pour la décoration d'un mariage, d'une saint-valentin ou d'un sapin de Noël.
A465: MLP-RO8BLA | B465: 4 mini rosaces en papier blanches idéales pour la décoration d''un mariage ou à mettre dans le sapin.
... A469: MLP-PAGLANIAR | B469: - vue d'ensemble
...

Sheet Notes
A3: - Sur ma première feuille j’ai une liste de références produits « variant SKU » (colonne N), et il me manque une info en colonne AA (Image Alt text)
A5: - Sur ma Feuille2, j’ai un autre ensemble de références produits (colonne A) et le texte que je cherche à avoir dans ma première feuille en colonne B.
A7: - Evidemment ce serait trop facile sinon, les références produits ne correspondent pas toutes entre les 2 Feuilles, car certaines ont été modifiés/ajoutés/supprimés entre ces deux exports.
